 Dungeon Crawl Stone Soup version bcrawl-1.35.5c (webtiles) character file.

Game seed: 6709298096355443922

108410 Danton1414 the Grave Robber (level 4, 0/30 HPs)
             Began as a Demonspawn Necromancer on Mar 18, 2022.
             Killed from afar by a white imp (3 damage)
             ... with a puff of frost
             ... summoned by Natasha
             ... on level 3 of the Dungeon.
             The game lasted 00:11:39 (2064 turns).

Danton1414 the Grave Robber (DsNe)                  Turns: 2064, Time: 00:11:39

Health: 0/30       AC:  4    Str:  8    XL:     4   Next: 1%
Magic:  5/8        EV: 12    Int: 17    God:
Gold:   245        SH:  0    Dex: 14    Spells: 6/8 levels left

rFire    . . .     SeeInvis .   a - +1 dagger
rCold    + . .     Gourm    .   (no shield)
rNeg     . . .     Faith    .   b - +0 robe
rPois    .         Spirit   .   (helmet restricted)
rElec    .         Reflect  .   f - +0 cloak
rCorr    .                      (no gloves)
MR       .....                  g - +0 pair of boots (curse)
Stlth    ++........             (no amulet)
HPRegen  0.10/turn              j - ring of protection from cold
MPRegen  0.11/turn              (no ring)

@: no status effects
A: antennae 1, claws 2
a: no special abilities


You were on level 3 of the Dungeon.
You were hungry.

You visited 1 branch of the dungeon, and saw 3 of its levels.

You collected 245 gold pieces.

Inventory:

Hand Weapons
 a - a +1 dagger (weapon)
Missiles
 l - 190 poisoned needles
 o - 280 bolts
Armour
 b - a +0 robe (worn)
 f - a +0 cloak (worn)
 g - a cursed +0 pair of boots (worn)
Jewellery
 j - a ring of protection from cold (left claw)
Scrolls
 c - 2 scrolls of amnesia {unknown}
 d - a scroll of immolation {unknown}
 i - 4 scrolls of identify
 k - a scroll of remove curse {unknown}
 p - a scroll of teleportation {unknown}
 q - a scroll of enchant armour {unknown}
 r - a scroll of fear {unknown}
 s - 2 scrolls of fog {unknown}
 t - a scroll of enchant weapon {unknown}
Potions
 h - a potion of curing
 m - 2 potions of degeneration {unknown}
Comestibles
 e - 5 rations {!d}
 n - 2 chunks of flesh


   Skills:
 + Level 0.5 Short Blades
 + Level 1.8 Dodging
 + Level 2.3 Stealth
 + Level 2.8 Spellcasting
 + Level 5.2 Necromancy


You had 6 spell levels left.
You knew the following spells:

 Your Spells              Type           Power        Failure   Level  Hunger
a - Pain                  Necr           ###...       1%          1    None
b - Animate Skeleton      Necr           N/A          1%          1    None

Your spell library contained the following spells:

 Spells                   Type           Power        Failure   Level  Hunger
 Vampiric Draining        Necr           ###.......   6%          3    ####...
 Agony                    Necr           ###.....     21%         4    #####..
 Animate Dead             Necr           N/A          21%         4    #####..
 Dispel Undead            Necr           ###.....     50%         5    #######


Dungeon Overview and Level Annotations

Branches:
Dungeon (3/12)

Altars:

Annotations:
D:3 Natasha


Innate Abilities, Weirdness & Mutations

You have a pair of small antennae on your head.
You have very sharp fingernails.


Message History

The white imp gestures at you. You resist. The puff of frost hits you.
The white imp sputters.
You hit the white imp but do no damage. Natasha claws you.
The white imp gestures at you. The puff of frost misses you.
The white imp misses you. Natasha claws you but does no damage.
The white imp barely misses you. x2
You hit the white imp.
The white imp is lightly wounded.
You feel yourself speed up. Natasha claws you.
The white imp closely misses you. The white imp gestures at you. You resist.
The puff of frost hits you. Natasha claws you. The white imp gestures at you.
You resist. The puff of frost hits you!
* * * LOW HITPOINT WARNING * * *
Natasha barely misses you. The white imp gestures at you. You resist.
The puff of frost hits you.
You die...

..!.#..
........)....#.#
... #..
########.....##.#
.## #.#
#...h5.......##.#
#.#####.#######..
#h#...#..########
#.#.#<#.........#
#5#.###########.#
#.#h5.......# .#
#..5.@......# .#
############# .#
{{ .# ##


You could see Natasha and 2 white imps.

Vanquished Creatures
  A worm (D:2)
  A dart slug (D:1)
  3 leopard geckos (D:2)
  An orc (D:3)
  A giant cockroach (D:1)
  3 goblins
  5 hobgoblins
  8 jackals
  2 quokkas
  5 bats
  4 frilled lizards
  5 kobolds
  4 rats (D:1)
43 creatures vanquished.

Vanquished Creatures (collateral kills)
  A leopard gecko (D:2)
  2 bats (D:1)
  2 hobgoblins
  2 jackals
7 creatures vanquished.

Grand Total: 50 creatures vanquished

Notes
Turn   | Place    | Note
-------+----------+-------------------------------------------
     0 | D:1      | Danton1414 the Demonspawn Necromancer began the quest for
                  | the Orb.
     0 | D:1      | Reached XP level 1. HP: 13/13 MP: 3/3
   282 | D:1      | Gained mutation: You have sharp fingernails. [demonic
                  | ancestry]
   282 | D:1      | Reached XP level 2. HP: 16/19 MP: 1/5
   810 | D:1      | Reached skill level 5 in Necromancy
  1015 | D:2      | Gained mutation: You have a pair of small antennae on your
                  | head. [demonic ancestry]
  1015 | D:2      | Reached XP level 3. HP: 20/24 MP: 0/6
  2011 | D:3      | Noticed Natasha
  2043 | D:3      | Gained mutation: You have very sharp fingernails. [demonic
                  | ancestry]
  2043 | D:3      | Reached XP level 4. HP: 24/30 MP: 1/8
  2064 | D:3      | Killed from afar by a white imp

Skill      XL: |  1  2 |
---------------+-------+-----
Necromancy     | 5 |  5.2
Short Blades   | |  0.5
Dodging        | |  1.8
Stealth        | |  2.3
Spellcasting   | |  2.8

Action                   |  1- 3 |  4- 6 || total
-------------------------+-------+-------++-------
Melee: Dagger            |    62 |     3 ||    65
 Cast: Pain              |    68 |       ||    68
       Animate Skeleton  |    23 |       ||    23
  Use: Potion            |       |     1 ||     1
 Stab: Sleeping          |     2 |       ||     2
  Eat: Chunk             |     7 |       ||     7
Armor: Robe              |    28 |     2 ||    30
Dodge: Dodged            |    82 |     8 ||    90
